Map: Frost LE

Players

MegaXyloN

  • Race: Zerg Zerg
  • League: Master

kOala (Nina) - Winner!

  • Race: Protoss Protoss
  • League: Master

VOD

Have the link to the VOD?

Description

Time

  • Played on: Nov. 13, 2016, 10:44 p.m.
  • Length: 13:01
Show
View Real Time Build Order
Export as new Build Order

MegaXyloN Zerg 

Build Orders: Hatch First, Lurkers 

Get SALT Encoding   

  12  0:01  Drone  
  13  0:13  Overlord  
  13  0:17  Drone  
  14  0:31  Drone x2  
  16  0:36  Drone  
  17  0:52  Hatchery  
  17  0:55  Drone  
  17  0:57  Drone  
  18  1:08  Extractor  
  17  1:19  Spawning Pool  
  17  1:21  Drone  
  17  1:25  Drone  
  18  1:28  Drone  
  19  1:40  Overlord  
  19  1:50  Drone  
  20  2:01  Drone  
  20  2:07  Drone, Queen x2  
  26  2:12  Zergling x2  
  27  2:16  Metabolic Boost  
  27  2:20  Drone  
  28  2:23  Drone  
  28  2:26  Drone  
  30  2:34  Overlord  
  31  2:37  Drone  
  31  2:43  Queen  
  33  2:45  Drone  
  33  2:48  Drone  
  35  2:58  Pneumatized Carapace  
  35  3:00  Zergling x4  
  37  3:09  Overlord  
  37  3:12  Drone  
  38  3:24  Drone x2  
  40  3:27  Drone x3  
  40  3:28  Drone  
  44  3:36  Hatchery  
  44  3:39  Drone x2  
  45  3:45  Zergling x4  
  47  3:52  Zergling x8  
  50  3:56  Overlord  
  50  4:00  Extractor, Roach Warren  
  50  4:02  Extractor  
  47  4:06  Zergling x8  
  47  4:09  Overlord  
  51  4:22  Zergling x4  
  51  4:28  Drone x3  
  51  4:29  Drone x3  
  55  4:31  Lair  
  55  4:33  Zergling x2  
  55  4:34  Zergling x2  
  57  4:42  Drone  
  58  4:51  Drone x2  
  57  4:52  Queen  
  57  4:55  Drone x2, Spore Crawler  
  57  4:58  Drone  
  57  4:59  Drone x2  
  63  5:00  Overlord  
  63  5:02  Zergling x4  
  63  5:03  Zergling x2  
  67  5:07  Drone  
  67  5:09  Extractor  
  67  5:11  Evolution Chamber  
  64  5:14  Overlord  
  62  5:24  Roach  
  62  5:25  Roach x3  
  69  5:30  Glial Reconstitution  
  69  5:32  Drone x2  
  69  5:33  Drone  
  69  5:34  Overlord x2  
  72  5:36  Drone x3  
  72  5:42  Roach  
  77  5:52  Roach x2  
  81  5:58  Spine Crawler  
  81  5:59  Roach x2  
  81  6:00  Roach, Spine Crawler  
  81  6:03  Zerg Missile Weapons Level 1  
  85  6:06  Roach x5  
  85  6:08  Overlord  
  95  6:13  Drone x3  
  102  6:18  Roach x3  
  102  6:19  Zergling x2  
  104  6:34  Roach x4  
  104  6:35  Overlord  
  104  6:36  Overlord x2  
  112  6:46  Drone, Hydralisk Den  
  112  6:52  Overlord x2  
  112  6:53  Queen, Overlord  
  114  7:09  Drone x6  
  114  7:10  Drone  
  114  7:14  Hatchery  
  114  7:15  Drone x4  
  123  7:26  Overlord  
  123  7:28  Drone x3  
  123  7:29  Extractor  
  125  7:31  Lurker Den, Extractor  
  125  7:35  Overlord  
  123  7:38  Overlord  
  124  7:48  Hatchery  
  123  7:52  Hydralisk x5  
  123  7:53  Hydralisk x2  
  137  8:06  Hydralisk  
  137  8:07  Hydralisk x3  
  137  8:11  Zerg Missile Weapons Level 2  
  143  8:32  Overseer x2  
  142  8:40  Hydralisk x4  
  142  8:41  Hydralisk x3  
  150  8:47  Drone x3  
  158  8:48  Overlord  
  158  8:57  Overlord  
  158  9:07  Drone x3  
  161  9:16  Drone x3  
  164  9:18  Overlord  
  163  9:27  Lurker  
  163  9:28  Lurker x7  
  163  9:29  Lurker x2  
  173  9:33  Infestation Pit  
  173  9:35  Queen  
  173  9:37  Drone  
  173  9:38  Drone x4  
  179  9:39  Roach, Hydralisk x3  
  187  9:46  Overlord  
  187  9:57  Infestation Pit  
  186  10:00  Spine Crawler  
  186  10:01  Spine Crawler  
  186  10:02  Overlord  
  186  10:03  Spine Crawler  
  186  10:04  Spine Crawler  
  186  10:05  Overseer  
  182  10:14  Extractor x2  
  178  10:18  Muscular Augments  
  178  10:19  Hive  
  179  10:21  Spire, Hydralisk  
  179  10:22  Hydralisk  
  179  10:23  Roach  
  176  10:39  Hydralisk x4  
  176  10:40  Hydralisk  
  176  10:41  Roach  
  188  10:46  Overlord  
  188  11:12  Drone x3  
  188  11:13  Drone x5  
  188  11:15  Drone  
  188  11:16  Drone x2  
  197  11:19  Spine Crawler x2  
  157  11:57  Hydralisk x3  
  157  11:58  Roach x2, Hydralisk x3  
  157  11:59  Roach x2  
  172  12:02  Overseer  
  172  12:04  Spire  
  170  12:14  Overlord  
  162  12:27  Overlord  
  144  12:35  Drone x4  
  144  12:36  Drone x2  
Show
View Real Time Build Order
Export as new Build Order

kOala Protoss - Winner!

Build Orders: 1 Gate Expand 

Get SALT Encoding   

  12  0:01  Probe (Chrono Boost)  
  13  0:12  Probe (Chrono Boost)  
  14  0:20  Pylon  
  14  0:23  Probe (Chrono Boost)  
  15  0:38  Probe (Chrono Boost)  
  15  0:40  Gateway  
  16  0:49  Assimilator  
  16  0:50  Probe (Chrono Boost)  
  17  1:01  Probe (Chrono Boost)  
  18  1:12  Probe (Chrono Boost)  
  19  1:26  Nexus  
  19  1:29  Probe (Chrono Boost)  
  20  1:39  Cybernetics Core  
  20  1:40  Probe (Chrono Boost)  
  21  1:50  Assimilator  
  21  1:51  Probe (Chrono Boost)  
  22  1:59  Pylon  
  22  2:01  Probe (Chrono Boost)  
  23  2:14  Adept  
  23  2:18  Warp Gate, Probe (Chrono Boost)  
  27  2:30  Probe (Chrono Boost)  
  27  2:38  Sentry  
  27  2:40  Probe (Chrono Boost)  
  27  2:42  Probe (Chrono Boost)  
  31  2:51  Mothership Core (Chrono Boost)  
  33  2:56  Probe (Chrono Boost)  
  34  2:59  Nexus  
  34  3:01  Sentry  
  36  3:09  Probe x2 (Chrono Boost)  
  38  3:19  Pylon, Probe (Chrono Boost)  
  40  3:21  Probe (Chrono Boost)  
  40  3:26  Sentry  
  40  3:27  Pylon  
  40  3:30  Probe (Chrono Boost)  
  40  3:33  Probe (Chrono Boost)  
  44  3:40  Probe (Chrono Boost)  
  45  3:45  Probe (Chrono Boost)  
  46  3:48  Robotics Facility  
  46  3:51  Probe (Chrono Boost)  
  48  3:57  Probe (Chrono Boost)  
  48  4:01  Probe (Chrono Boost)  
  49  4:08  Probe (Chrono Boost)  
  49  4:09  Gateway  
  50  4:10  Gateway  
  50  4:12  Probe (Chrono Boost)  
  50  4:14  Gateway  
  51  4:17  Gateway  
  51  4:20  Probe (Chrono Boost), Gateway  
  52  4:26  Probe (Chrono Boost)  
  52  4:27  Pylon  
  52  4:28  Probe (Chrono Boost)  
  54  4:33  Warp Prism, Probe (Chrono Boost)  
  57  4:39  Pylon  
  57  4:42  Probe x2 (Chrono Boost)  
  57  4:44  Probe (Chrono Boost)  
  60  4:52  Adept  
  62  4:53  Probe (Chrono Boost)  
  62  4:54  Probe x2 (Chrono Boost)  
  62  4:57  Assimilator  
  62  4:59  Assimilator  
  65  5:04  Probe (Chrono Boost)  
  65  5:06  Probe (Chrono Boost)  
  67  5:08  Probe (Chrono Boost)  
  67  5:11  Pylon  
  67  5:12  Sentry  
  67  5:13  Sentry x2  
  75  5:14  Probe (Chrono Boost)  
  75  5:19  Probe (Chrono Boost)  
  76  5:25  Zealot x2  
  76  5:26  Probe (Chrono Boost)  
  76  5:27  Probe (Chrono Boost)  
  80  5:29  Probe (Chrono Boost)  
  80  5:31  Pylon  
  80  5:35  Pylon  
  81  5:36  Zealot, Pylon  
  81  5:37  Probe (Chrono Boost)  
  81  5:38  Probe (Chrono Boost)  
  81  5:39  Zealot x2  
  81  5:40  Zealot  
  91  5:44  Probe (Chrono Boost)  
  91  5:48  Probe (Chrono Boost)  
  93  5:51  Zealot x2, Pylon  
  93  5:55  Probe (Chrono Boost)  
  98  5:57  Twilight Council  
  98  5:58  Forge  
  98  6:04  Zealot x3  
  102  6:05  Zealot  
  106  6:11  Zealot x2  
  110  6:19  Probe (Chrono Boost)  
  110  6:20  Charge  
  110  6:21  Probe (Chrono Boost)  
  110  6:22  Assimilator  
  110  6:23  Assimilator  
  112  6:29  Immortal  
  113  6:32  Probe (Chrono Boost)  
  113  6:33  Protoss Ground Weapons Level 1, Probe (Chrono Boost)  
  113  6:34  Probe (Chrono Boost)  
  113  6:39  Robotics Facility  
  117  6:42  Dark Shrine  
  117  7:01  Pylon  
  117  7:02  Pylon  
  117  7:06  Immortal, Pylon  
  117  7:12  Pylon  
  121  7:18  Zealot x2  
  121  7:19  Gateway x2  
  121  7:20  Zealot  
  121  7:21  Immortal, Zealot x3  
  121  7:22  Gateway  
  131  7:26  Photon Cannon  
  133  7:40  Immortal, Pylon  
  129  7:46  Zealot x4  
  129  7:47  Blink, Zealot  
  143  8:03  Nexus  
  143  8:04  Pylon  
  143  8:05  Pylon  
  143  8:14  Immortal  
  143  8:15  Dark Templar x5  
  157  8:21  Archon x2  
  151  8:27  Immortal  
  151  8:39  Photon Cannon  
  151  8:41  Dark Templar x2  
  153  8:43  Photon Cannon, Protoss Ground Weapons Level 2  
  153  8:47  Archon  
  155  8:48  Immortal  
  155  8:50  Dark Templar  
  155  8:51  Dark Templar  
  163  8:56  Archon  
  163  8:57  Dark Templar x2  
  167  9:03  Archon  
  167  9:05  Dark Templar x2  
  171  9:11  Archon  
  171  9:18  Dark Templar  
  171  9:23  Probe x3 (Chrono Boost)  
  174  9:24  Assimilator  
  174  9:25  Probe (Chrono Boost)  
  174  9:26  Assimilator  
  175  9:32  Photon Cannon x2  
  175  9:34  Observer x2, Pylon  
  175  9:35  Probe (Chrono Boost), Photon Cannon  
  175  9:36  Dark Templar  
  175  9:37  Pylon  
  180  9:43  Dark Templar  
  180  9:47  Archon  
  180  9:51  Probe (Chrono Boost)  
  181  9:56  Dark Templar  
  181  9:57  Dark Templar  
  185  10:01  Archon  
  185  10:08  Dark Templar x2  
  185  10:12  Archon  
  189  10:14  Dark Templar  
  189  10:17  Dark Templar  
  189  10:21  Archon  
  193  10:25  Photon Cannon  
  193  10:27  Nexus, Photon Cannon  
  191  10:36  Immortal x2  
  195  10:46  Zealot x2  
  199  11:01  Gateway  
  199  11:03  Zealot x3  
  199  11:04  Zealot x4  
  195  11:05  Gateway x2  
  195  11:08  Gateway  
  187  11:21  Zealot x2  
  187  11:24  Zealot x2  
  187  11:25  Zealot x4  
  187  11:26  Zealot  
  163  11:45  Dark Templar  
  163  11:46  Dark Templar x6  
  173  11:52  Immortal x2  
  173  12:01  Pylon  
  181  12:03  Pylon  
  179  12:41  Zealot  
  179  12:42  Zealot x5  
  161  12:56  Zealot x2  
  161  12:57  Zealot  
Tags
 
Add a new tag
Caveats
  • Supply blocks, unpowered buildings, or Contaminate may cause inaccurate times.
  • Supply counts are checked every 10 seconds.